 Dungeon Crawl Stone Soup version 0.29.0-4-gdea44cf6ec (webtiles) character file.

Game seed: 11150775999057902692

8746 qw the Cleaver (level 11, -1/71 HPs)
             Began as a Gargoyle Berserker on Sept 6, 2022.
             Was an Elder of Trog.
             Slain by a swamp dragon (shapeshifter) (5 damage)
             ... on level 9 of the Dungeon.
             The game lasted 00:03:47 (9776 turns).

qw the Cleaver (Gargoyle Berserker)                 Turns: 9776, Time: 00:03:47

Health: -1/71      AC: 34    Str: 26    XL:     11   Next: 35%
Magic:  11/11      EV:  5    Int:  7    God:    Trog [****..]
Gold:   413        SH:  9    Dex:  9    Spells: 10/10 levels left

rFire   + . .      SeeInvis .   Y - +0 war axe
rCold   . . .      Faith    .   b - +0 buckler
rNeg    + . .      Spirit   .   s - +3 crystal plate armour
rPois   inf        Reflect  +   l - +2 helmet
rElec   +          Harm     .   (no cloak)
rCorr   .          Rampage  .   (no gloves)
Will    .....                   (no boots)
Stlth   ..........              c - amulet of reflection
HPRegen 0.21/turn               n - ring of protection from fire
MPRegen 0.12/turn               (no ring)

@: on berserk cooldown, slowed, very slow
A: sickness immunity, AC +8, negative energy resistance 1, electricity
resistance, torment resistance 1, petrification resistance
a: Renounce Religion, Berserk, Trog's Hand, Brothers in Arms


You were on level 9 of the Dungeon.
You worshipped Trog.
Trog was greatly pleased with you.
You visited 1 branch of the dungeon, and saw 9 of its levels.

You collected 413 gold pieces.


Innate Abilities, Weirdness & Mutations

You are immune to sickness and miasma.
Your stone body is resilient. (AC +8)
You are immune to poison.
You resist negative energy. (rN+)
You are resistant to electric shocks. (rElec)
You are resistant to unholy torment.
You are immune to petrification.


   Skills:
 - Level 9.2 Fighting
 + Level 11.0 Axes
 - Level 1.6 Throwing
 - Level 10.0 Armour
 - Level 1.5 Dodging
 - Level 5.2 Shields


You had 10 spell levels left.
You didn't know any spells.
Your spell library was empty.

Inventory:

Hand Weapons
 d - a +0 morningstar
 Y - a +0 war axe (weapon)
Missiles
 q - 5 boomerangs (quivered)
Armour
 b - a +0 buckler (worn)
 l - a +2 helmet (worn)
 s - a +3 crystal plate armour (worn)
Jewellery
 c - an amulet of reflection (around neck)
 n - a ring of protection from fire (left hand)
 o - a ring of ice
Scrolls
 a - a scroll of identify
 e - a scroll of acquirement {unknown}
Potions
 f - 2 potions of cancellation
 g - a potion of haste
 h - 5 potions of curing
 j - 2 potions of might
 p - a potion of mutation

Dungeon Overview and Level Annotations

Branches:
Dungeon (9/15)             Temple (0/1) D:4             Orc (0/2) D:9
   Lair: D:8-11

Altars:
Fedhas
Hepliaklqana
Okawaru
Qazlal
Ru
Trog
Uskayaw
Xom

Annotations:
D:5 3 runed translucent doors, qw's ghost, novice BaCK
D:9 3 runed translucent doors, Psyche; qw's ghost, novice TrCA


Message History

The swamp dragon is moderately wounded.
The swamp dragon breathes poison at you.
The blast of poison engulfs you but does no damage.
You resist.
You hit the swamp dragon.
The swamp dragon is moderately wounded.
The swamp dragon bites you.
The swamp dragon claws you but does no damage.
The swamp dragon tramples you but does no damage.
You slash the swamp dragon!
The swamp dragon is heavily wounded.
You hear some strange, mumbled words.
A swirling arc of seething chaos appears!
An arc of chaos appears from out of thin air!
The arc of chaos hits the howler monkey.
The arc of chaos hits something.
The swamp dragon bites you. You block the swamp dragon's attack.
The swamp dragon tramples you but does no damage.
Reactivating autopickup.
The swamp dragon breathes poison at you.
The blast of poison engulfs you but does no damage.
You resist.
You slash the swamp dragon!
The swamp dragon is severely wounded.
You carefully extract the barbed spikes from your body.
The swamp dragon bites you but does no damage.
You block the swamp dragon's attack. The swamp dragon barely misses you.
You barely miss the swamp dragon.
The swamp dragon is severely wounded.
You block the swamp dragon's attack.
The swamp dragon claws you but does no damage.
The swamp dragon tramples you but does no damage.
The swamp dragon bites you.
The swamp dragon claws you but does no damage.
You block the swamp dragon's attack.
You hit the swamp dragon but do no damage.
The swamp dragon is severely wounded.
The swamp dragon bites you but does no damage.
The swamp dragon claws you.
You die...

##.).#).....#.......# #.#
..)####)#####.......######.#
>..# #.# #.....%%.....##.#
...# #.# #.###...####!##.#
...# #.####.###..[####.##.#
.### #.....<........##.##.#
## ######.#####.#.##.##.# #
#####..)##.......## ####
#.#.'..@.######### ### #..##
##..####D# #.. #...####
#...#..B.)..# ...
#......####)##.}.h.}.# #
##..#..#888.##..}....# #
#...#..'....8#...}...'. #.#
###.#..#888.##....}..##. ...
.##.#..####+##.}...}.# o #..
....#.## #.......# ##.


You could see a swamp dragon shaped shifter and a howler monkey (slow).

Vanquished Creatures
  A two-headed ogre (D:9)
  An ugly thing (D:9)
  2 trolls (D:9)
  A hornet (D:9)
  2 slime creatures (D:9)
  Grinder (D:3)
  A shadow (D:9)
  20 yaks
  2 steam dragons
  An acid dragon (D:9)
  A water moccasin (D:6)
  2 black bears
  An orc warrior (D:7)
  2 sky beasts (D:7)
  3 ogres
  4 phantoms
  2 centaurs
  2 gnoll sergeants
  3 necrophages
  Blork the orc (D:4)
  A bullfrog (D:7)
  2 jellies
  2 scorpions
  6 wights
  3 killer bees (D:8)
  4 howler monkeys
  2 hounds
  A gnoll bouda (D:6)
  An orc priest (D:8)
  2 iguanas
  8 orc wizards
  Terence (D:3)
  A mummy (D:8)
  Robin (D:4)
  17 gnolls
  3 adders
  2 river rats (D:3)
  2 shadow imps
  An ufetubus (D:5)
  A worm (D:3)
  A dart slug (D:1)
  30 orcs
  3 endoplasms
  4 giant cockroaches
  17 goblins
  9 hobgoblins
  3 jackals (D:4)
  3 quokkas
  6 ball pythons
  3 bats
  A frilled lizard (D:1)
  11 kobolds
  A kobold zombie (D:8)
  3 orc zombies (D:8)
  7 rats
  A butterfly (D:3)
217 creatures vanquished.

Vanquished Creatures (others)
  An orc wizard (D:9)
1 creature vanquished.

Grand Total: 218 creatures vanquished

Notes
Turn   | Place    | Note
-------+----------+-------------------------------------------
     0 | D:1      | qw the Gargoyle Berserker began the quest for the Orb.
     0 | D:1      | Reached XP level 1. HP: 14/14 MP: 1/1
     0 | D:1      | 0 ||| qw: Version: 0.1-a-108-g9e35731
     0 | D:1      | 0 ||| qw: Game counter: 6343
     0 | D:1      | 0 ||| qw: Always use a shield: true
     0 | D:1      | 0 ||| qw: Do Orc after D:15 true
     0 | D:1      | 0 ||| qw: Do second Lair branch before Depths: true
     0 | D:1      | 0 ||| qw: Lair rune preference: random
     0 | D:1      | 0 ||| qw: Plans: Normal
     0 | D:1      | 0 ||| PLANNING D:1-11
    17 | D:1      | 17 ||| Stepping ~*~*~tactically~*~*~ (stealth).
    26 | D:1      | 26 ||| Stepping ~*~*~tactically~*~*~ (stealth).
    33 | D:1      | 33 ||| Stepping ~*~*~tactically~*~*~ (stealth).
    34 | D:1      | 34 ||| Stepping ~*~*~tactically~*~*~ (stealth).
   237 | D:1      | Reached skill level 3 in Axes
   382 | D:1      | Reached XP level 2. HP: 19/19 MP: 2/2
   570 | D:1      | 570 ||| Stepping ~*~*~tactically~*~*~ (stealth).
   571 | D:1      | 571 ||| Stepping ~*~*~tactically~*~*~ (stealth).
   573 | D:1      | 573 ||| INVOKING Berserk.
   800 | D:1      | Found a faded altar of an unknown god.
  1122 | D:1      | 1122 ||| Stepping ~*~*~tactically~*~*~ (hiding).
  1126 | D:1      | 1126 ||| INVOKING Berserk.
  1129 | D:1      | Reached XP level 3. HP: 23/23 MP: 3/3
  1216 | D:1      | 1216 ||| UPGRADING to +0 ring mail.
  1226 | D:1      | 1226 ||| DROPPING +0 animal skin.
  1227 | D:1      | 1227 ||| READING 2 scrolls labelled VYPSEI UJI HAU.
  1228 | D:1      | 1228 ||| READING scroll of enchant weapon.
  1228 | D:1      | 1228 ||| ENCHANTING +1 hand axe.
  1229 | D:1      | 1229 ||| DRINKING 2 metallic clear potions.
  1230 | D:1      | 1230 ||| DRINKING 2 purple potions.
  1335 | D:1      | 1335 ||| DROPPING potion of berserk rage.
  1428 | D:2      | 1428 ||| Stepping ~*~*~tactically~*~*~ (stealth).
  1429 | D:2      | 1429 ||| Stepping ~*~*~tactically~*~*~ (stealth).
  1621 | D:2      | Reached skill level 4 in Axes
  2093 | D:2      | 2093 ||| UPGRADING to +0 buckler.
  2098 | D:2      | 2098 ||| UPGRADING to +0 scale mail.
  2108 | D:2      | 2108 ||| DROPPING +0 ring mail.
  2109 | D:2      | 2109 ||| UPGRADING to +2 helmet.
  2114 | D:2      | 2114 ||| READING 2 scrolls labelled TOYNNOIRAPT.
  2115 | D:2      | 2115 ||| READING 3 scrolls labelled CEUVOJ LOWI GOCY.
  2116 | D:2      | 2116 ||| READING scroll labelled ZOXIXE ASCHO.
  2129 | D:3      | 2129 ||| PLANNING SEWER
  2154 | D:3      | 2154 ||| INVOKING Berserk.
  2210 | D:3      | 2210 ||| Stepping ~*~*~tactically~*~*~ (stealth).
  2224 | D:3      | Noticed a black bear
  2225 | D:3      | 2225 ||| INVOKING Berserk.
  2230 | D:3      | Killed a black bear
  2231 | D:3      | Reached skill level 3 in Shields
  2231 | D:3      | Reached XP level 4. HP: 28/28 MP: 4/4
  2231 | D:3      | Reached XP level 5. HP: 32/32 MP: 5/5
  2371 | D:3      | 2371 ||| READING scroll of enchant weapon.
  2371 | D:3      | 2371 ||| ENCHANTING +2 hand axe.
  2379 | D:3      | 2379 ||| Stepping ~*~*~tactically~*~*~ (stealth).
  2385 | D:3      | Reached ** piety under Trog
  2445 | D:3      | 2445 ||| DROPPING +0 flail.
  2555 | D:3      | Noticed Grinder
  2555 | D:3      | Noticed Terence
  2556 | D:3      | 2556 ||| Stepping ~*~*~tactically~*~*~ (hiding).
  2561 | D:3      | 2561 ||| INVOKING Trog's Hand.
  2562 | D:3      | 2562 ||| INVOKING Berserk.
  2572 | D:3      | Killed Grinder
  2573 | D:3      | Reached skill level 5 in Axes
  2573 | D:3      | Reached XP level 6. HP: 37/37 MP: 6/6
  2578 | D:3      | 2578 ||| FLEEEEING.
  2579 | D:3      | 2579 ||| FLEEEEING.
  2580 | D:3      | 2580 ||| FLEEEEING.
  2581 | D:3      | 2581 ||| FLEEEEING.
  2582 | D:3      | 2582 ||| FLEEEEING.
  2583 | D:3      | 2583 ||| FLEEEEING.
  2584 | D:3      | 2584 ||| FLEEEEING.
  2585 | D:3      | 2585 ||| FLEEEEING.
  2586 | D:3      | 2586 ||| STAIRDANCE
  2612 | D:3      | 2612 ||| STAIRDANCE
  2620 | D:3      | 2620 ||| STAIRDANCE
  2645 | D:3      | 2645 ||| STAIRDANCE
  2651 | D:3      | 2651 ||| INVOKING Berserk.
  2659 | D:3      | Killed Terence
  2660 | D:3      | 2660 ||| STAIRDANCE
  2806 | D:3      | 2806 ||| Stepping ~*~*~tactically~*~*~ (stealth).
  2836 | D:3      | Found a shimmering altar of Xom.
  2878 | D:3      | 2878 ||| RIP SEWER
  2960 | D:3      | 2960 ||| PLANNING D:1-11
  3072 | D:3      | Reached XP level 7. HP: 43/43 MP: 7/7
  3118 | D:3      | 3118 ||| Stepping ~*~*~tactically~*~*~ (stealth).
  3119 | D:3      | 3119 ||| Stepping ~*~*~tactically~*~*~ (stealth).
  3144 | D:3      | 3144 ||| UPGRADING to ring of protection from fire.
  3145 | D:3      | 3145 ||| READING scroll labelled PINIAGEMPAN.
  3159 | D:4      | 3159 ||| STAIRDANCE
  3167 | D:4      | 3167 ||| INVOKING Berserk.
  3171 | D:4      | Reached skill level 6 in Axes
  3171 | D:4      | 3171 ||| STAIRDANCE
  3248 | D:4      | 3248 ||| Stepping ~*~*~tactically~*~*~ (stealth).
  3251 | D:4      | 3251 ||| Stepping ~*~*~tactically~*~*~ (stealth).
  3259 | D:4      | 3259 ||| Stepping ~*~*~tactically~*~*~ (stealth).
  3358 | D:4      | Noticed Blork the orc
  3360 | D:4      | 3360 ||| INVOKING Berserk.
  3364 | D:4      | Killed Blork the orc
  3495 | D:4      | Reached skill level 7 in Axes
  3502 | D:4      | 3502 ||| INVOKING Berserk.
  3732 | D:4      | 3732 ||| Stepping ~*~*~tactically~*~*~ (stealth).
  3733 | D:4      | Noticed Robin
  3734 | D:4      | 3734 ||| Stepping ~*~*~tactically~*~*~ (stealth).
  3767 | D:4      | 3767 ||| Stepping ~*~*~tactically~*~*~ (stealth).
  3772 | D:4      | Reached *** piety under Trog
  3825 | D:4      | Found a blossoming altar of Fedhas.
  3849 | D:4      | Found a staircase to the Ecumenical Temple.
  3910 | D:4      | 3910 ||| INVOKING Berserk.
  3912 | D:4      | Killed Robin
  4048 | D:4      | Found a sacrificial altar of Ru.
  4167 | D:4      | Reached skill level 1 in Throwing
  4167 | D:4      | Reached XP level 8. HP: 48/49 MP: 8/8
  4257 | D:4      | 4257 ||| READING scroll labelled GITOAJ BYEBA.
  4315 | D:4      | 4315 ||| DRINKING 2 sapphire potions.
  4316 | D:4      | 4316 ||| DRINKING 2 glowing blue potions.
  4350 | D:4      | 4350 ||| READING 3 scrolls of identify.
  4350 | D:4      | 4350 ||| IDENTIFYING silvery potion
  4351 | D:4      | 4351 ||| READING 2 scrolls of identify.
  4351 | D:4      | 4351 ||| IDENTIFYING cyan potion
  4352 | D:4      | 4352 ||| DROPPING potion of flight.
  4353 | D:4      | 4353 ||| DROPPING potion of degeneration.
  4354 | D:4      | 4354 ||| DROPPING potion of lignification.
  4372 | D:5      | Entered Level 5 of the Dungeon
  4458 | D:5      | 4458 ||| FLEEEEING.
  4532 | D:5      | 4532 ||| READING scroll of enchant weapon.
  4532 | D:5      | 4532 ||| ENCHANTING +3 hand axe.
  4540 | D:5      | 4540 ||| Stepping ~*~*~tactically~*~*~ (stealth).
  4543 | D:5      | 4543 ||| Stepping ~*~*~tactically~*~*~ (stealth).
  4580 | D:5      | 4580 ||| SWAPPING to +0 war axe.
  4581 | D:5      | 4581 ||| DROPPING +4 hand axe.
  4710 | D:5      | 4710 ||| INVOKING Berserk.
  4916 | D:5      | Reached skill level 8 in Axes
  5002 | D:5      | 5002 ||| DROPPING +0 hand axe of electrocution.
  5069 | D:5      | 5069 ||| INVOKING Berserk.
  5283 | D:5      | Reached skill level 6 in Fighting
  5321 | D:5      | Found a runed translucent gate.
  5321 | D:5      | Found a runed translucent gate.
  5321 | D:5      | Found a runed translucent gate.
  5322 | D:5      | Noticed qw's ghost (novice BaCK)
  5615 | D:5      | 5615 ||| UPGRADING to +0 crystal plate armour.
  5625 | D:5      | 5625 ||| DROPPING +0 scale mail.
  5626 | D:5      | 5626 ||| READING 2 scrolls of enchant armour.
  5626 | D:5      | 5626 ||| ENCHANTING +0 crystal plate armour.
  5627 | D:5      | 5627 ||| READING scroll of enchant armour.
  5627 | D:5      | 5627 ||| ENCHANTING +1 crystal plate armour.
  5628 | D:5      | 5628 ||| UPGRADING to amulet of regeneration.
  5633 | D:5      | 5633 ||| READING scroll labelled WAIQEY MULUT.
  5634 | D:5      | 5634 ||| READING 3 scrolls of identify.
  5634 | D:5      | 5634 ||| IDENTIFYING bubbling dark potion
  5635 | D:5      | 5635 ||| READING 2 scrolls of identify.
  5635 | D:5      | 5635 ||| IDENTIFYING viscous clear potion
  5636 | D:5      | 5636 ||| DROPPING potion of attraction.
  5666 | D:6      | Found a hazy altar of Hepliaklqana.
  5765 | D:6      | Reached skill level 3 in Armour
  5783 | D:6      | 5783 ||| INVOKING Berserk.
  5914 | D:6      | 5914 ||| Stepping ~*~*~tactically~*~*~ (hiding).
  5922 | D:6      | Reached XP level 9. HP: 50/55 MP: 9/9
  5988 | D:6      | 5988 ||| INVOKING Berserk.
  6115 | D:6      | 6115 ||| INVOKING Berserk.
  6117 | D:6      | Reached skill level 6 in Armour
  6391 | D:6      | 6391 ||| INVOKING Berserk.
  6618 | D:6      | 6618 ||| UPGRADING to amulet of reflection.
  6628 | D:6      | 6628 ||| DROPPING amulet of regeneration.
  6629 | D:6      | 6629 ||| READING 2 scrolls of identify.
  6629 | D:6      | 6629 ||| IDENTIFYING red potion
  6725 | D:7      | 6725 ||| Stepping ~*~*~tactically~*~*~ (stealth).
  6760 | D:7      | 6760 ||| INVOKING Berserk.
  6770 | D:7      | HP: 18/82 [gnoll/+0 halberd[a gnoll sergeant] (6)]
  6775 | D:7      | HP: 11/82 [gnoll/+0 spear[a gnoll sergeant] (2)]
  6779 | D:7      | 6779 ||| READING scroll of teleportation.
  6779 | D:7      | HP: 2/55 [gnoll/+0 halberd[a gnoll sergeant] (2)]
  6799 | D:7      | 6799 ||| Stepping ~*~*~tactically~*~*~ (hiding).
  6895 | D:7      | 6895 ||| INVOKING Berserk.
  6978 | D:7      | 6978 ||| FLEEEEING.
  6979 | D:7      | 6979 ||| FLEEEEING.
  6980 | D:7      | 6980 ||| FLEEEEING.
  6981 | D:7      | 6981 ||| FLEEEEING.
  6982 | D:7      | 6982 ||| FLEEEEING.
  6983 | D:7      | 6983 ||| FLEEEEING.
  6984 | D:7      | 6984 ||| FLEEEEING.
  6990 | D:7      | 6990 ||| FLEEEEING.
  6991 | D:7      | 6991 ||| FLEEEEING.
  6992 | D:7      | 6992 ||| FLEEEEING.
  6993 | D:7      | 6993 ||| FLEEEEING.
  6994 | D:7      | 6994 ||| FLEEEEING.
  6995 | D:7      | 6995 ||| STAIRDANCE
  7050 | D:6      | 7050 ||| READING scroll labelled WONAHASYINI.
  7081 | D:7      | 7081 ||| READING scroll of enchant armour.
  7081 | D:7      | 7081 ||| ENCHANTING +2 crystal plate armour.
  7110 | D:7      | 7110 ||| Stepping ~*~*~tactically~*~*~ (stealth).
  7113 | D:7      | 7113 ||| INVOKING Berserk.
  7140 | D:7      | 7140 ||| Stepping ~*~*~tactically~*~*~ (stealth).
  7173 | D:7      | 7173 ||| Stepping ~*~*~tactically~*~*~ (stealth).
  7220 | D:7      | Found a stormy altar of Qazlal.
  7229 | D:7      | Reached skill level 9 in Axes
  7231 | D:7      | Found an iron altar of Okawaru.
  7247 | D:7      | Found a flagged portal.
  7264 | D:7      | 7264 ||| Stepping ~*~*~tactically~*~*~ (stealth).
  7266 | D:7      | 7266 ||| Stepping ~*~*~tactically~*~*~ (hiding).
  7506 | D:7      | You fall into a shaft and drop 2 floors!
  7511 | D:9      | 7511 ||| READING scroll labelled PEDOURPH ZIDUT.
  7512 | D:9      | 7512 ||| READING 2 scrolls of identify.
  7512 | D:9      | 7512 ||| IDENTIFYING dark potion
  7513 | D:9      | 7513 ||| DROPPING potion of brilliance.
  7516 | D:9      | Noticed a troll
  7517 | D:9      | 7517 ||| INVOKING Berserk.
  7526 | D:9      | Killed a troll
  7641 | D:8      | Reached XP level 10. HP: 63/63 MP: 10/10
  7838 | D:7      | Found a bloodstained altar of Trog.
  7848 | D:7      | Reached **** piety under Trog
  7859 | D:7      | 7859 ||| Stepping ~*~*~tactically~*~*~ (stealth).
  7862 | D:7      | 7862 ||| Stepping ~*~*~tactically~*~*~ (stealth).
  7866 | D:7      | 7866 ||| Stepping ~*~*~tactically~*~*~ (stealth).
  7969 | D:8      | 7969 ||| STAIRDANCE
  7980 | D:7      | Reached skill level 10 in Axes
  8076 | D:8      | 8076 ||| INVOKING Berserk.
  8078 | D:8      | 8078 ||| STAIRDANCE
  8299 | D:8      | 8299 ||| Stepping ~*~*~tactically~*~*~ (stealth).
  8317 | D:8      | Reached skill level 9 in Armour
  8327 | D:8      | 8327 ||| INVOKING Berserk.
  8657 | D:8      | 8657 ||| Stepping ~*~*~tactically~*~*~ (stealth).
  8658 | D:8      | 8658 ||| Stepping ~*~*~tactically~*~*~ (stealth).
  8766 | D:8      | 8766 ||| Stepping ~*~*~tactically~*~*~ (stealth).
  8775 | D:8      | 8775 ||| Stepping ~*~*~tactically~*~*~ (stealth).
  8828 | D:8      | 8828 ||| DROPPING scarf of shadows.
  8829 | D:8      | 8829 ||| READING scroll labelled URYCY CA BAUP.
  8902 | D:9      | Reached XP level 11. HP: 35/68 MP: 11/11
  9110 | D:9      | 9110 ||| Stepping ~*~*~tactically~*~*~ (stealth).
  9186 | D:9      | Found a staircase to the Orcish Mines.
  9187 | D:9      | 9187 ||| Stepping ~*~*~tactically~*~*~ (stealth).
  9190 | D:9      | 9190 ||| Stepping ~*~*~tactically~*~*~ (stealth).
  9201 | D:9      | 9201 ||| Stepping ~*~*~tactically~*~*~ (stealth).
  9203 | D:9      | 9203 ||| Stepping ~*~*~tactically~*~*~ (hiding).
  9220 | D:9      | Found a runed translucent gate.
  9220 | D:9      | Found a runed translucent gate.
  9223 | D:9      | Found a runed translucent gate.
  9226 | D:9      | Noticed qw's ghost (novice TrCA)
  9232 | D:9      | 9232 ||| READING scroll labelled IREQ ERESEACH.
  9233 | D:9      | 9233 ||| DRINKING 2 white potions.
  9234 | D:9      | 9234 ||| DROPPING potion of invisibility.
  9303 | D:9      | 9303 ||| INVOKING Berserk.
  9313 | D:9      | Reached skill level 11 in Axes
  9430 | D:9      | 9430 ||| Stepping ~*~*~tactically~*~*~ (hiding).
  9432 | D:9      | 9432 ||| Stepping ~*~*~tactically~*~*~ (hiding).
  9433 | D:9      | 9433 ||| Stepping ~*~*~tactically~*~*~ (hiding).
  9501 | D:9      | Found a hide-covered altar of Uskayaw.
  9574 | D:9      | Noticed a two-headed ogre
  9576 | D:9      | 9576 ||| INVOKING Berserk.
  9584 | D:9      | Killed a two-headed ogre
  9585 | D:9      | Reached skill level 9 in Fighting
  9737 | D:9      | Noticed Psyche
  9738 | D:9      | Noticed a green ugly thing
  9740 | D:9      | 9740 ||| Stepping ~*~*~tactically~*~*~ (hiding).
  9742 | D:9      | 9742 ||| INVOKING Berserk.
  9743 | D:9      | Noticed a boulder beetle
  9754 | D:9      | Noticed a steelbarb worm
  9754 | D:9      | a dream sheep changed into a steelbarb worm
  9756 | D:9      | Killed a green ugly thing
  9768 | D:9      | HP: 16/71 [steelbarb worm (shapeshifter) (5)]
  9770 | D:9      | Noticed a swamp dragon
  9770 | D:9      | a steelbarb worm changed into a swamp dragon
  9773 | D:9      | HP: 4/71 [swamp dragon (shapeshifter) (5)]
  9776 | D:9      | Slain by a swamp dragon (shapeshifter)

Levels and vault maps discovered:
D:1:      dpeg_arrival_rooms_with_view, layout_basic,
          shapermc_ecumenical_altar_gd, chequers_serial_rivers_room_a,
          minmay_misc_feat_doors
D:2:      layout_loops_ring
D:3:      layout_basic, xom_butterflies, portal_sewer_entry_e, uniq_grinder,
          uniq_terence
D:4:      layout_cave_pools, lemuel_crystal_altar, kennysheep_little_box,
          minmay_temple_entry_hall, uniq_blork_the_orc, uniq_robin
D:5:      layout_basic, gammafunk_ghost_nasty_kobolds
D:6:      layout_gridville, nicolae_hepliaklqana_hazy_memory
D:7:      layout_rooms, trog_hazing_becter, grunt_temple_overflow_open,
          enter_bailey_5, minivault_24
D:8:      layout_rooms, minmay_misc_feat_diagonals, chequers_decorated_corner,
          minmay_mini_ossuary
D:9:      minmay_chambers_of_sevens, layout_loops_cross,
          grunt_temple_overflow_lords_of_destruction,
          lemuel_coloured_pillars_altar, gammafunk_temple_overflow_pools,
          david_lair_shrubbed, minmay_orc_entry_guard_dogs,
          gammafunk_ghost_spectres, uniq_psyche

Skill      XL: |  1  2  3  4  5  6  7  8  9 10 11 |
---------------+----------------------------------+-----
Axes           | 3 4 5 7 8 9 10 11 | 11.0
Shields        | 3 4 5 |  5.2
Fighting       | 4 5 6 7 8 9 |  9.2
Throwing       | 1 |  1.6
Armour         | 4 8 9 10 | 10.0
Dodging        | |  1.5

Action                   |  1- 3 |  4- 6 |  7- 9 | 10-12 || total
-------------------------+-------+-------+-------+-------++-------
Melee: Hand axe          |    82 |    65 |   144 |       ||   291
       War axe           |       |       |   237 |   284 ||   521
Throw: Boomerang         |       |       |    70 |    24 ||    94
Invok: Berserk           |     4 |     2 |    14 |     5 ||    25
       Trog's Hand       |       |     1 |       |       ||     1
  Use: Scroll            |     5 |     1 |    16 |     2 ||    24
       Potion            |     2 |       |     2 |     1 ||     5
Armor: Animal skin       |    19 |       |       |       ||    19
       Scale mail        |     9 |    31 |    94 |       ||   134
       Ring mail         |     6 |       |       |       ||     6
       Crystal plate arm |       |       |   140 |   214 ||   354
Dodge: Dodged            |    37 |    27 |   102 |    53 ||   219
Block: Buckler           |       |     9 |    86 |   103 ||   198
       Reflection        |       |       |       |     1 ||     1

Table legend:
 A = Non-vault XP
 B = Vault XP
 C = Vault XP percentage of total XP
 D = Non-vault monster count
 E = Vault monster count
 F = Vault count percentage of total count
                 A         B        C        D         E       F
            +---------+---------+-------+---------+---------+-------
      Total |    9277 |    3218 |  25.8 |     166 |      50 |  23.1
            +---------+---------+-------+---------+---------+-------
        D:1 |      38 |       3 |   7.3 |      14 |       2 |  12.5
        D:2 |      29 |       0 |   0.0 |      14 |       0 |   0.0
        D:3 |     223 |     345 |  60.7 |      20 |      10 |  33.3
        D:4 |     517 |     130 |  20.1 |      17 |      14 |  45.2
        D:5 |     745 |       0 |   0.0 |      19 |       0 |   0.0
        D:6 |    1032 |       0 |   0.0 |      21 |       0 |   0.0
        D:7 |    1455 |      18 |   1.2 |      19 |      10 |  34.5
        D:8 |    3733 |      22 |   0.6 |      28 |       5 |  15.2
        D:9 |    1505 |    2700 |  64.2 |      14 |       9 |  39.1
            +---------+---------+-------+---------+---------+-------
